AoeStats
← IsmaelAoE

Black Forest

509213111Analyzed
3v3 RM · 5d ago on Sep 25, 2026· 65m 48s· 6 players
Game mode
Random Map
Map size
Normal (6 player)
Population
200
Speed
Normal
Resources
Standard
Victory
Conquest
Starting age
Dark Age
Ending age
Imperial Age
RankedLock teamsTeams togetherTeam positionsShared explorationLock speedFull tech treeHidden civsTurbo modeCheats
Victory
Defeat
🇹🇷 Bohemians · Türkiye
754
+8
🇹🇷 Burgundians · Türkiye
718
+9
🇨🇾 Teutons · Cyprus
696
+11
🇬🇧 Burgundians · United Kingdom
713
-14
🇲🇽 Vikings · Mexico
557
-9
🇩🇪 Persians · Germany
418
-5
IsmaelAoE
0:42 Loom
17:32 Feudal Age
21:05 Double-Bit Axe
22:41 Horse Collar
30:04 Castle Age
31:52 Gold Mining
32:06 Scale Mail Armor
32:20 Forging
32:12 Heavy Plow
33:47 Scale Barding Armor
38:14 Stone Mining
39:02 Gold Shaft Mining
41:43 Chain Barding Armor
41:39 Chain Mail Armor
41:59 Iron Casting
43:08 Chieftains
42:43 Elite Skirmisher
42:46 Crossbowman
43:50 Town Watch
44:48 Town Patrol
45:04 Bow Saw
45:19 Fletching
45:30 Padded Archer Armor
48:41 Imperial Age
47:20 Caravan
47:52 Coinage
46:54 Light Cavalry
50:05 Conscription
51:19 Heavy Scorpion
51:24 Arbalester
51:28 Cavalier
53:56 Two-Man Saw
53:42 Leather Archer Armor
53:23 Bodkin Arrow
53:48 Elite Varangian Guard
54:15 Arson
55:20 Fortified Wall
54:56 Arrowslits
55:37 Ballistics
54:58 Treadmill Crane
56:55 Elite Berserk
58:10 Hoardings
58:33 Ring Archer Armor
58:03 Bracer
59:24 Plate Mail Armor
61:14 Chemistry
60:07 Heated Shot
60:24 Siege Engineers
60:15 Murder Holes
60:31 Masonry
60:24 Bracer
61:36 Blast Furnace
60:35 Guard Tower
TheOriginalDez
6:00 Wheelbarrow
13:10 Feudal Age
16:43 Double-Bit Axe
21:00 Horse Collar
22:29 Heavy Plow
22:56 Bow Saw
24:15 Hand Cart
23:47 Town Watch
25:09 Caravan
26:42 Gold Mining
26:46 Stone Mining
30:21 Castle Age
31:01 Forging
32:25 Cavalier
33:06 Husbandry
33:12 Squires
34:48 Stone Shaft Mining
35:41 Burgundian Vineyards
36:58 Two-Man Saw
36:43 Town Patrol
45:52 Imperial Age
45:44 Iron Casting
45:17 Scale Barding Armor
46:37 Crop Rotation
46:32 Paladin
47:58 Elite Coustillier
49:36 Onager
51:18 Masonry
51:07 Murder Holes
52:03 Gold Shaft Mining
52:50 Ballistics
53:31 Chemistry
52:24 Guard Tower
52:47 Fortified Wall
56:15 Hoardings
56:23 Arrowslits
58:53 Blast Furnace
58:16 Chain Barding Armor
57:47 Fletching
unrealized
0:33 Loom
11:57 Feudal Age
12:36 Double-Bit Axe
12:34 Horse Collar
18:09 Wheelbarrow
23:45 Castle Age
22:22 Stone Mining
23:14 Scale Barding Armor
24:54 Heavy Plow
25:07 Bow Saw
27:03 Forging
29:24 Kamandaran
30:53 Hand Cart
31:50 Light Cavalry
32:29 Town Watch
33:11 Chain Barding Armor
33:29 Husbandry
33:41 Bloodlines
34:07 Crossbowman
34:54 Padded Archer Armor
35:32 Ballistics
38:09 Stone Shaft Mining
37:28 Gold Mining
38:17 Iron Casting
37:59 Leather Archer Armor
39:06 Masonry
42:14 Imperial Age
42:45 Guilds
45:01 Gold Shaft Mining
44:58 Crop Rotation
45:37 Two-Man Saw
45:42 Town Patrol
46:45 Chemistry
46:01 Thumb Ring
47:37 Plate Barding Armor
48:04 Blast Furnace
47:35 Ring Archer Armor
47:47 Conscription
48:30 Herbal Medicine
49:44 Heavy Camel Rider
50:42 Pikeman
51:23 Squires
51:09 Arson
51:35 Hussar
59:25 Fletching
60:09 Architecture
61:16 Bodkin Arrow
Hyper Fury
0:46 Loom
11:53 Wheelbarrow
11:48 Double-Bit Axe
11:48 Horse Collar
14:41 Feudal Age
15:27 Heavy Plow
15:39 Bow Saw
16:42 Gold Mining
16:43 Stone Mining
18:29 Gold Shaft Mining
18:29 Stone Shaft Mining
24:14 Forging
23:54 Fletching
24:05 Scale Mail Armor
24:10 Scale Barding Armor
24:06 Padded Archer Armor
24:16 Arson
26:36 Castle Age
25:22 Caravan
28:03 Hand Cart
27:33 Town Watch
29:53 Cavalier
30:34 Husbandry
29:55 Light Cavalry
29:58 Crossbowman
31:47 Burgundian Vineyards
31:07 Elite Skirmisher
33:17 Two-Man Saw
33:00 Crop Rotation
32:51 Pikeman
33:31 Squires
34:43 Town Patrol
35:21 Guilds
35:41 Coinage
35:44 Treadmill Crane
36:02 Murder Holes
39:39 Imperial Age
37:26 Masonry
39:16 Chain Mail Armor
41:09 Iron Casting
40:30 Bodkin Arrow
40:50 Leather Archer Armor
41:05 Plate Mail Armor
40:55 Chain Barding Armor
39:59 Halberdier
40:25 Paladin
41:42 Architecture
43:18 Blast Furnace
41:52 Sappers
42:44 Conscription
43:02 Hoardings
42:20 Arrowslits
42:56 Ballistics
44:11 Banking
44:51 Elite Coustillier
46:10 Plate Barding Armor
46:39 Capped Ram
47:07 Onager
47:54 Bracer
51:28 Chemistry
50:39 Fortified Wall
CAN GÖÇER
0:29 Loom
12:18 Feudal Age
12:41 Horse Collar
12:50 Double-Bit Axe
17:09 Wheelbarrow
16:21 Town Watch
19:42 Gold Mining
24:54 Castle Age
23:03 Stone Mining
25:58 Bow Saw
26:27 Stone Shaft Mining
25:58 Heavy Plow
26:42 Hand Cart
26:29 Town Patrol
29:32 Fortified Wall
29:43 Ballistics
29:34 Masonry
32:47 Caravan
33:18 Coinage
33:56 Forging
33:46 Scale Mail Armor
33:52 Scale Barding Armor
33:48 Padded Archer Armor
33:39 Fletching
37:47 Imperial Age
36:44 Iron Casting
36:25 Chain Mail Armor
36:30 Chain Barding Armor
36:35 Ironclad
36:29 Pikeman
37:09 Squires
36:55 Arson
39:40 Chemistry
40:13 Two-Man Saw
41:21 Plate Barding Armor
41:17 Plate Mail Armor
41:47 Blast Furnace
40:44 Bodkin Arrow
41:05 Leather Archer Armor
40:18 Cavalier
40:47 Halberdier
42:07 Banking
41:36 Arrowslits
43:51 Bloodlines
43:39 Paladin
44:45 Conscription
45:14 Siege Engineers
44:54 Sappers
45:56 Guilds
46:58 Crenellations
46:53 Onager
49:04 Ring Archer Armor
49:16 Hoardings
48:57 Elite Teutonic Knight
50:21 Siege Onager
59:55 Heavy Scorpion
Knights Hospitaller
0:29 Loom
12:58 Feudal Age
13:32 Double-Bit Axe
14:24 Horse Collar
23:09 Castle Age
21:53 Fletching
23:56 Heavy Plow
25:09 Bow Saw
26:54 Wheelbarrow
29:59 Fortified Wall
32:08 Chemistry
31:47 Hand Cart
32:39 Ballistics
32:32 Masonry
36:12 Imperial Age
34:00 Pikeman
34:42 Squires
35:32 Town Watch
35:53 Bodkin Arrow
35:59 Padded Archer Armor
37:27 Siege Engineers
37:58 Leather Archer Armor
39:42 Two-Man Saw
38:10 Elite Skirmisher
40:23 Architecture
40:18 Town Patrol
40:36 Halberdier
42:38 Bracer
44:45 Ring Archer Armor
44:27 Forging
44:54 Scale Mail Armor
46:18 Arson
47:17 Arrowslits
48:11 Iron Casting
48:23 Wagenburg Tactics
48:36 Murder Holes
49:26 Chain Mail Armor
51:36 Blast Furnace
51:08 Plate Mail Armor
50:01 Elite Hussite Wagon
51:03 Conscription
52:12 Scale Barding Armor
53:35 Caravan
53:47 Guilds
54:12 Houfnice
55:26 Chain Barding Armor
56:29 Sappers
Connection lost

Rejoining the realm…

Still unreachable

The connection could not be restored.

Session expired

The server has moved on; the page needs a fresh start.